 Dungeon Crawl Stone Soup version 0.28-a0-1555-g9ae15a6949 (webtiles) character file.

Game seed: 15892029335142301847

20 psuckher the Sneak (level 2, -4/25 HPs)
             Began as a Barachi Delver on Jan 18, 2022.
             Slain by a sky beast (5 damage)
             ... on level 5 of the Dungeon.
             The game lasted 00:01:38 (161 turns).

psuckher the Sneak (Barachi Delver)                  Turns: 161, Time: 00:01:38

Health: -4/25      AC:  3    Str: 13    XL:     2   Next: 79%
Magic:  2/2        EV: 12    Int: 10    God:
Gold:   7          SH:  0    Dex: 13    Spells: 1/1 levels left

rFire   . . .      SeeInvis .   a - +0 short sword
rCold   . . .      Faith    .   (no shield)
rNeg    . . .      Spirit   .   b - +0 leather armour
rPois   .          Reflect  .   (no helmet)
rElec   .          Harm     .   (no cloak)
rCorr   .          Rampage  .   (no gloves)
Will    .....                   (no boots)
Stlth   +++.......              (no amulet)
HPRegen 0.08/turn               (no ring)
MPRegen 0.08/turn               (no ring)

@: slow
A: amphibious, slowness 1, strong legs 1, +LOS
a: Hop


You were on level 5 of the Dungeon.
You visited 1 branch of the dungeon, and saw 1 of its levels.

You collected 7 gold pieces.

Inventory:

Hand Weapons
 a - a +0 short sword (weapon)
Armour
 b - a +0 leather armour (worn)
Wands
 g - a wand of digging (3)
Scrolls
 c - 3 scrolls of fog
 h - a scroll of identify {unknown}
Potions
 f - a potion of haste


   Skills:
 + Level 3.8 Fighting
 + Level 2.3 Short Blades
 + Level 0.3 Armour
 + Level 2.3 Dodging
 + Level 5.0 Stealth


You had one spell level left.
You didn't know any spells.
Your spell library was empty.

Dungeon Overview and Level Annotations

Branches:
Dungeon (5/15)
 Temple: D:4-7

Altars:


Innate Abilities, Weirdness & Mutations

You are amphibious.
You cover ground slowly.
You can hop short distances.
You have an extended range of vision and can be seen from far away.


Message History

The slug dart misses you.
You hit the dart slug.
The dart slug is heavily wounded.
You hit the dart slug but do no damage.
The dart slug is heavily wounded.
The dart slug launches a dart at you. The slug dart misses you.
You hit the dart slug.
The dart slug is severely wounded.
The dart slug bites you but does no damage.
You hit the dart slug.
You kill the dart slug!
Your Stealth skill increases to level 5!
A water moccasin and 2 adders come into view.
Found an inky potion.
Found 13 gold pieces.
A gnoll comes into view. It is wielding a +0 club.
The gnoll shouts!
You hear a shout! x2
A gnoll comes into view. It is wielding a +0 whip.
The gnoll moves out of view.
A gnoll sergeant and a gnoll come into view.
The gnoll sergeant is wielding a +2 spear of distortion.
A gnoll comes into view. It is wielding a +0 flail.
A hound skeleton comes into view.
As you read the scroll of fear, it crumbles to dust.
You assume a fearsome visage.
The hound skeleton is unaffected.
The gnoll sergeant looks frightened!
The gnoll looks frightened! x2
The gnoll shouts!
The gnoll looks frightened!
The gnoll shouts!
The gnoll looks frightened!
A sky beast comes into view.
The sky beast hits you but does no damage.
The sky beast hits you. The sky beast shocks you.
* * * LOW HITPOINT WARNING * * *
The sky beast misses you.
You completely miss the sky beast. The sky beast hits you.
* * * LOW HITPOINT WARNING * * *
The sky beast shocks you.
You die...

*,***,,,#..#..#.....#..##
*,*,,,####.##.##....##.##
*
*,,,**#g....#..#..###....
*
**,*#.gg.##.##.####...###
* *,,#gZ,,,#..#..#...###
* **,#*,,,,##.##...### *
*,,*,,###.....### *
**,*###.Z.##### *
*,,#.@Y### * *#...###
************#.##*
,,,,,,,,,,,,#,*
***********,,,* * *****


You could see a sky beast and a hound skeleton.

Vanquished Creatures
  A hound zombie (D:5)
  2 dart slugs (D:5)
3 creatures vanquished.

Notes
Turn   | Place    | Note
-------+----------+-------------------------------------------
     0 | D:5      | psuckher the Barachi Delver began the quest for the Orb.
     0 | D:5      | Reached XP level 1. HP: 18/18 MP: 1/1
    23 | D:5      | Reached XP level 2. HP: 6/25 MP: 2/2
   101 | D:5      | Reached skill level 5 in Stealth
   114 | D:5      | Noticed a water moccasin
   148 | D:5      | Noticed a gnoll sergeant
   152 | D:5      | Noticed a sky beast
   161 | D:5      | HP: 1/25 [sky beast (4)]
   161 | D:5      | Slain by a sky beast

Illustrated notes

Levels and vault maps discovered:
D:5:      minmay_skewed_foursquare, layout_basic, mainiacjoe_overflow_alcove_4,
          serial_shops, nicolae_shop_temple_entry_statues_fountains,
          grunt_ministairs_14, uniq_sigmund, uniq_pikel

Skill      XL: |  1  2 |
---------------+-------+-----
Stealth        | 5 |  5.0
Fighting       | |  3.8
Short Blades   | |  2.3
Armour         | |  0.3
Dodging        | |  2.3

Action                   || total
-------------------------++-------
Melee: Short sword       ||    25
  Use: Scroll            ||     2
Armor: Leather armour    ||    10
Dodge: Dodged            ||     9

Table legend: (Time is in decaauts)
 A = Elapsed time spent in this place.
 B = Non-inter-level travel time spent in this place.
 C = Inter-level travel time spent in this place.
 D = Time resting spent in this place.
 E = Time spent auto-exploring this place.
 F = Levels seen in this place.
 G = Mean time per level.
                   A        B        C        D        E       F      G
               +--------+--------+--------+--------+--------+-----+--------+
         Total |    187 |    187 |      0 |      0 |      0 |   1 |  187.0 |
       Dungeon |    187 |    187 |      0 |      0 |      0 |   1 |  187.0 |
               +--------+--------+--------+--------+--------+-----+--------+

Top non-repeatable levels by time:
     D:5: 187 daAuts
